 Dungeon Crawl Stone Soup version 0.21.1-1-g345015f (webtiles) character file.

80 Hebeh the Grave Robber (level 4, 0/35 (36) HPs)
             Began as a Deep Dwarf Necromancer on June 17, 2018.
             Slain by a hobgoblin
             ... wielding a +0 club
              (2 damage)
             ... on level 2 of the Dungeon.
             The game lasted 00:17:25 (1887 turns).

Hebeh the Grave Robber (Deep Dwarf Necromancer)     Turns: 1887, Time: 00:17:26

HP:   0/35 (36)     AC:  5    Str: 11    XL:     4   Next: 18%
MP:   1/4           EV:  8    Int: 17    God:
Gold: 174           SH:  6    Dex: 13    Spells: 2/7 levels left

rFire    . . .     SeeInvis .   j - +0 whip
rCold    . . .     Gourm    .   i - +0 shield
rNeg     . . .     Faith    .   q - +0 ring mail
rPois    .         Spirit   .   (no helmet)
rElec    .         Reflect  .   (no cloak)
rCorr    .         Harm     .   (no gloves)
MR       .....                  (no boots)
Stlth    +.........             (no amulet)
HPRegen  0.00/turn              (no ring)
MPRegen  0.09/turn              (no ring)

@: very slightly contaminated, non-regenerating
A: damage resistance, heal wounds, sense surroundings 1, no regeneration
a: Heal Wounds


You were on level 2 of the Dungeon.
You were hungry.

You visited 1 branch of the dungeon, and saw 2 of its levels.

You collected 174 gold pieces.

Inventory:

Hand Weapons
 e - a +0 dagger
 j - a +0 whip (weapon)
Armour
 a - a +0 robe
 d - a +0 leather armour
 i - a +0 shield (worn)
 q - a +0 ring mail (worn)
Scrolls
 f - a scroll of enchant armour {unknown}
 g - a scroll of identify {unknown}
 k - a scroll of remove curse {unknown}
 l - a scroll of enchant weapon {unknown}
 o - a scroll of fog {unknown}
 p - a scroll of teleportation {unknown}
Potions
 h - a potion of lignification {unknown}
 m - a potion of might {unknown}
 n - a potion of magic {unknown}
 s - 2 potions of agility {unknown}
Books
 b - a book of Necromancy

   Spells                             Type                      Level
   a - Pain                           Necromancy                   1
   b - Animate Skeleton               Necromancy                   1
   c - Vampiric Draining              Necromancy                   3
   d - Regeneration                   Charms/Necromancy            3
   e - Animate Dead                   Necromancy                   4
   f - Borgnjor's Vile Clutch         Necromancy/Earth             5
Comestibles
 c - 2 rations
 r - a chunk of flesh


   Skills:
 + Level 1.2 Maces & Flails
 + Level 3.0 Dodging
 - Level 2.4 Stealth
 + Level 2.3 Spellcasting
 * Level 5.3 Necromancy


You had 2 spell levels left.
You knew the following spells:

 Your Spells              Type           Power        Failure   Level  Hunger
a - Pain                  Necr           ###.         36%         1    #......
b - Animate Skeleton      Necr           N/A          36%         1    #......
c - Vampiric Draining     Necr           ###.......   73%         3    ###....


Dungeon Overview and Level Annotations

Branches:
Dungeon (2/15)

Altars:


Innate Abilities, Weirdness & Mutations

You are resistant to damage.
You can heal yourself by infusing magical energy.
You passively map a small area around you.
You do not regenerate.


Message History

The hobgoblin hits you with a club.
* * * LOW HITPOINT WARNING * * *
The hobgoblin hits you but does no damage.
The hobgoblin hits you but does no damage.
Some of the chunks of flesh in your inventory have rotted away.
The hobgoblin closely misses you.
The hobgoblin hits you but does no damage.
You block the hobgoblin's attack.
You see here 14 arrows.
You see here 11 stones.
Casting: Pain
Confirm with . or Enter, or press ? or * to list all spells.
The spell is very dangerous to cast!
Continue anyway?
Aiming: Vampiric Draining
Press: ? - help, Shift-Dir - straight line, f - hobgoblin
Aim: a hobgoblin, wielding a club You miscast Vampiric Draining.
You are very lightly contaminated with residual magic.
Your flesh rots away!
The hobgoblin hits you with a club.
You die...

#####* #.# ##########.## ##..
# #.# #(.........# ##. #.#
#.####.#.### #. #.# #.# #.#.#
#. # #.# #.####.#.# #' ## #.#
#.##...#.# * .. .## ##.####
#.##.###.# ** .. ..##
##.....# #g##.##..#
...####...##.###@##.#...####
...'.......................+
,
...###...)...######.#...####,
..## #.#.##### #.##.## , .##
#.### #.#### ## #.# .#.* *
#.# ,#*# ** #.# , #.# * , *


You could see a hobgoblin.

Vanquished Creatures
  2 adders (D:2)
  3 dart slugs (D:1)
  3 leopard geckos
  2 ball pythons (D:2)
  A bat (D:1)
  A giant cockroach (D:1)
  3 goblins (D:1)
  10 hobgoblins
  3 jackals (D:1)
  4 kobolds (D:1)
  A frilled lizard (D:1)
  5 rats
38 creatures vanquished.

Vanquished Creatures (collateral kills)
  An adder (D:2)
  An ooze (D:1)
  2 rats (D:1)
4 creatures vanquished.

Grand Total: 42 creatures vanquished

Notes
Turn   | Place    | Note
-------+----------+-------------------------------------------
     0 | D:1      | Hebeh the Deep Dwarf Necromancer began the quest for the Orb.
     0 | D:1      | Reached XP level 1. HP: 15/15 MP: 3/3
   213 | D:1      | Reached XP level 2. HP: 13/22 MP: 0/4
   377 | D:1      | Learned a level 1 spell: Animate Skeleton
   614 | D:1      | Reached XP level 3. HP: 23/28 MP: 3/3
   639 | D:1      | Reached skill level 5 in Necromancy
   935 | D:1      | Learned a level 3 spell: Vampiric Draining
  1598 | D:2      | Reached skill level 1 in Maces & Flails
  1795 | D:2      | Reached XP level 4. HP: 13/36 MP: 4/4
  1887 | D:2      | Slain by a hobgoblin

Skill      XL: |  1  2  3  4 |
---------------+-------------+-----
Spellcasting   | 2 |  2.3
Necromancy     | 5 |  5.3
Maces & Flails | 1 |  1.2
Dodging        | 3 |  3.0
Stealth        | |  2.4

Action                   |  1- 3 |  4- 6 || total
-------------------------+-------+-------++-------
Melee: Dagger            |    45 |       ||    45
       Whip              |   139 |     6 ||   145
 Cast: Pain              |    32 |     3 ||    35
       Animate Skeleton  |     5 |       ||     5
       Vampiric Draining |     3 |       ||     3
 Abil: Heal Wounds       |     4 |       ||     4
 Stab: Sleeping          |     1 |       ||     1
  Eat: Chunk             |     4 |       ||     4
Armor: Leather armour    |    32 |       ||    32
       Ring mail         |    22 |     4 ||    26
Dodge: Dodged            |    82 |     3 ||    85
Block: Shield            |    70 |     3 ||    73
